 Dungeon Crawl Stone Soup version 0.26-a0-778-g3fe0686644 (webtiles) character file.

Game seed: 1991729258742888897

28 lunkers the Poker (level 3, -2/28 HPs)
             Began as a Merfolk Gladiator on Nov 9, 2020.
             Slain by a gnoll
             ... wielding a +0 flail
              (9 damage)
             ... on level 2 of the Dungeon.
             The game lasted 00:01:17 (906 turns).

lunkers the Poker (Merfolk Gladiator)                Turns: 906, Time: 00:01:18

Health: -2/28      AC:  4    Str: 14    XL:     3   Next: 12%
Magic:  3/3        EV: 14    Int:  7    God:
Gold:   37         SH:  0    Dex: 16    Spells: 2/2 levels left

rFire    + . .     SeeInvis .   b - +2 dagger (venom)
rCold    . . .     Faith    .   (no shield)
rNeg     . . .     Spirit   .   k - +0 leather armour
rPois    +         Reflect  .   c - +0 helmet
rElec    .         Harm     .   (no cloak)
rCorr    .         Rampage  .   (no gloves)
MR       .....                  (no boots)
Stlth    +.........             (no amulet)
HPRegen  0.09/turn              e - ring of poison resistance
MPRegen  0.08/turn              g - ring of protection from fire

@: no status effects
A: change form in water, swift swim, stealthy swim
a: no special abilities


You were on level 2 of the Dungeon.
You visited 1 branch of the dungeon, and saw 2 of its levels.

You collected 37 gold pieces.

Inventory:

Hand Weapons
 a - a +0 trident
 b - a +2 dagger of venom (weapon)
Missiles
 d - 3 throwing nets {=f}
Armour
 c - a +0 helmet (worn)
 k - a +0 leather armour (worn)
Jewellery
 e - a ring of poison resistance (left hand)
 g - a ring of protection from fire (right hand)
Scrolls
 f - a scroll of remove curse {unknown}
Potions
 h - a potion of attraction {unknown}
 i - a potion of might {unknown}
 j - a potion of resistance {unknown}
 l - a potion of degeneration {unknown}


   Skills:
 + Level 2.7 Fighting
 + Level 5.2 Polearms
 - Level 2.0 Throwing
 + Level 4.4 Dodging


You had 2 spell levels left.
You didn't know any spells.
Your spell library was empty.

Dungeon Overview and Level Annotations

Branches:
Dungeon (2/15)

Altars:


Message History

You feel agile.
Found a stone staircase leading down.
You barely miss the gnoll. The gnoll misses you.
You hit the gnoll.
The gnoll is poisoned.
The gnoll is lightly wounded.
The gnoll misses you.
The gnoll hits you from afar with a +0 spear!
You hit the gnoll but do no damage.
The gnoll looks even sicker.
The gnoll is lightly wounded.
The gnoll barely misses you. x2
You hit the gnoll but do no damage.
The gnoll looks as sick as possible!
The gnoll is heavily wounded.
The gnoll closely misses you. The gnoll completely misses you.
The gnoll hits you with a +0 flail!
* * * LOW HITPOINT WARNING * * *
Your leather armour prevents you from hitting the gnoll.
The gnoll is almost dead.
The gnoll hits you but does no damage. The gnoll misses you.
The gnoll hits you with a +0 flail!
You die...

######
#....################
'.<..'.)....g.r.g..g#
#....#######.#.####.#
###'## #.#.####.#
....# #...g@.gr#
##### ###.###g.# #..
...# ......## #..####
.. #. #


You could see 3 gnolls and a rat.

Vanquished Creatures
  A gnoll (D:2)
  A leopard gecko (D:2)
  2 giant cockroaches (D:1)
  3 goblins
  A hobgoblin (D:2)
  2 bats
  3 kobolds (D:1)
  4 rats (D:1)
17 creatures vanquished.

Notes
Turn   | Place    | Note
-------+----------+-------------------------------------------
     0 | D:1      | lunkers the Merfolk Gladiator began the quest for the Orb.
     0 | D:1      | Reached XP level 1. HP: 16/16 MP: 1/1
   168 | D:1      | Reached XP level 2. HP: 23/23 MP: 2/2
   751 | D:2      | Reached skill level 5 in Polearms
   886 | D:2      | Reached XP level 3. HP: 23/28 MP: 3/3
   906 | D:2      | Slain by a gnoll

Illustrated notes

Levels and vault maps discovered:
D:1:      mushboom_english_gardens, layout_basic
D:2:      layout_basic, minmay_pentomino_t4

Skill      XL: |  1  2 |
---------------+-------+-----
Polearms       | 5 |  5.2
Fighting       | |  2.7
Throwing       | |  2.0
Dodging        | |  4.4

Action                   || total
-------------------------++-------
Melee: Trident           ||    41
       Dagger            ||     8
Throw: Throwing net      ||     2
Armor: Leather armour    ||     9
Dodge: Dodged            ||    30

Table legend: (Time is in decaauts)
 A = Elapsed time spent in this place.
 B = Non-inter-level travel time spent in this place.
 C = Inter-level travel time spent in this place.
 D = Time resting spent in this place.
 E = Time spent auto-exploring this place.
 F = Levels seen in this place.
 G = Mean time per level.
                   A        B        C        D        E       F      G
               +--------+--------+--------+--------+--------+-----+--------+
         Total |    906 |    873 |     33 |      0 |    723 |   2 |  453.0 |
       Dungeon |    906 |    873 |     33 |      0 |    723 |   2 |  453.0 |
               +--------+--------+--------+--------+--------+-----+--------+

Top non-repeatable levels by time:
     D:1: 735 daAuts
     D:2: 171 daAuts
